SL
THUNDER BAY NORTHERN LIONS BC @ HOUSTON 1837 BBC
09/01/2026
 
TOP OF THE 1ST
Thunder Bay Northern Lions BC batting - Pitching for Houston 1837 BBC : RHP Marvin Martin
Pitching: RHP Marvin Martin
Batting: RHB Keith Fish 0-0: Called Strike
0-1: Ball
1-1: Ball
2-1: Foul Ball, location: 2F
2-2: Ball
3-2: Base on Balls
Batting: LHB Chris Gregory 0-0: Called Strike
0-1: Ball
1-1: Foul Ball, location: 2F
1-2: Strikes out swinging
Batting: LHB David Smith 0-0: Ball
1-0: Called Strike
1-1: Ball
2-1: Ball
3-1: Ground out 4-3 (Groundball, 4S)
Keith Fish to second
Batting: RHB Wilfred McLaughlin 0-0: Ball
1-0: Swinging Strike
1-1: Foul Ball, location: 2F
1-2: Ball
2-2: Foul Ball, location: 2F
2-2: Ball
3-2: Foul Ball, location: 2F
3-2: Ground out 6-3 (Groundball, 6)
Top of the 1st over - 0 run(s), 0 hit(s), 0 error(s), 1 left on base; Thunder Bay 0 - Houston 0
BOTTOM OF THE 1ST
Houston 1837 BBC batting - Pitching for Thunder Bay Northern Lions BC : RHP Ramón Molina
Pitching: RHP Ramón Molina
Batting: LHB Damian Delaney 0-0: Called Strike
0-1: Swinging Strike
0-2: Strikes out looking
Batting: RHB Kumanosuke Abe 0-0: Foul Ball, location: 2F
0-1: Ball
1-1: Called Strike
1-2: Ball
2-2: Ground out 1-3 (Groundball, P)
Batting: LHB José Marín 0-0: Ball
1-0: Foul Ball, location: 2F
1-1: Fly out, F8 (Flyball, 8LM)
Bottom of the 1st over - 0 run(s), 0 hit(s), 0 error(s), 0 left on base; Thunder Bay 0 - Houston 0
TOP OF THE 2ND
Thunder Bay Northern Lions BC batting - Pitching for Houston 1837 BBC : RHP Marvin Martin
Batting: RHB Carlos Padilla 0-0: Ball
1-0: Foul Ball, location: 2F
1-1: Fly out, F7 (Line Drive, 7)
Batting: LHB John Brewer 0-0: Called Strike
0-1: Ground out 4-3 (Groundball, 4)
Batting: SHB Arnold Griffith 0-0: Ball
1-0: Foul Ball, location: 2F
1-1: Called Strike
1-2: Ground out 5-3 (Groundball, 56S)
Top of the 2nd over - 0 run(s), 0 hit(s), 0 error(s), 0 left on base; Thunder Bay 0 - Houston 0
BOTTOM OF THE 2ND
Houston 1837 BBC batting - Pitching for Thunder Bay Northern Lions BC : RHP Ramón Molina
Batting: RHB Bob Dickerson 0-0: Fly out, F8 (Line Drive, 8LM)
Batting: SHB Jason Alexander 0-0: Foul Ball, location: 2F
0-1: Swinging Strike
0-2: Ball
1-2: Foul Ball, location: 2F
1-2: Foul Ball, location: 2F
1-2: Strikes out swinging
Batting: LHB Alberto Torres 0-0: Swinging Strike
0-1: SINGLE (Line Drive, 89S)
Batting: RHB David Gómez 0-0: Ball
1-0: Ball
2-0: Ball
3-0: Base on Balls
Alberto Torres to second
Batting: LHB Mike Hanson 0-0: Ball
1-0: Ball
2-0: Ball
3-0: Called Strike
3-1: Foul Ball, location: 2F
3-2: Base on Balls
Alberto Torres to third
David Gómez to second
Batting: RHB Rubén Marino 0-0: Ball
1-0: Fly out, F5 (Popup, 6S)
Bottom of the 2nd over - 0 run(s), 1 hit(s), 0 error(s), 3 left on base; Thunder Bay 0 - Houston 0
TOP OF THE 3RD
Thunder Bay Northern Lions BC batting - Pitching for Houston 1837 BBC : RHP Marvin Martin
Batting: RHB Henry Womack 0-0: Ball
1-0: Called Strike
1-1: Ball
2-1: Fly out, F8 (Flyball, 8LXD)
Batting: RHB Kenzaburo Hori 0-0: Called Strike
0-1: Ground out 4-3 (Groundball, 34)
Batting: RHB Keith Fish 0-0: Called Strike
0-1: Ball
1-1: Ball
2-1: Foul Ball, location: 2F
2-2: Foul Ball, location: 2F
2-2: Foul Ball, location: 2F
2-2: Ball
3-2: Base on Balls
Batting: LHB Chris Gregory 0-0: Ball
1-0: Called Strike
1-1: Foul Ball, location: 2F
1-2: SINGLE (Groundball, 34D)
Keith Fish to second
Runner from 2nd tries for 3rd, SAFE, throw made to third
Chris Gregory to second
Batting: LHB David Smith 0-0: Ball
1-0: Fly out, F4 (Popup, 4MS)
Top of the 3rd over - 0 run(s), 1 hit(s), 0 error(s), 2 left on base; Thunder Bay 0 - Houston 0
BOTTOM OF THE 3RD
Houston 1837 BBC batting - Pitching for Thunder Bay Northern Lions BC : RHP Ramón Molina
Batting: LHB Damian Delaney 0-0: Ball
1-0: Called Strike
1-1: Foul Ball, location: 2F
1-2: Ball
2-2: Strikes out swinging
Batting: RHB Kumanosuke Abe 0-0: Called Strike
0-1: Ball
1-1: Ball
2-1: Swinging Strike
2-2: Foul Ball, location: 2F
2-2: Ball
3-2: SINGLE (Flyball, 7S)
Batting: LHB José Marín 0-0: Fielders Choice at 2nd, 1-6 (Groundball, 13)
Batting: RHB Bob Dickerson 0-0: Called Strike
0-1: Fielders Choice at 2nd, 4-6 (Groundball, 4)
Bottom of the 3rd over - 0 run(s), 1 hit(s), 0 error(s), 0 left on base; Thunder Bay 0 - Houston 0
TOP OF THE 4TH
Thunder Bay Northern Lions BC batting - Pitching for Houston 1837 BBC : RHP Marvin Martin
Batting: RHB Wilfred McLaughlin 0-0: Swinging Strike
0-1: Ball
1-1: Swinging Strike
1-2: SINGLE (Line Drive, 9LS)
Pitching: RHP Greg White
Batting: RHB Carlos Padilla 0-0: Ball
Wilfred McLaughlin is caught stealing 2nd base
1-0: Foul Ball, location: 2F
1-1: Ball
2-1: Ball
3-1: Fly out, F1 (Line Drive, 13S)
Batting: LHB John Brewer 0-0: Ball
1-0: Ball
2-0: Called Strike
2-1: Called Strike
2-2: Ball
3-2: Base on Balls
Batting: SHB Arnold Griffith 0-0: Called Strike
0-1: Called Strike
0-2: Ball
1-2: Fielders Choice at 2nd, 6-4 (Groundball, 6)
Top of the 4th over - 0 run(s), 1 hit(s), 0 error(s), 0 left on base; Thunder Bay 0 - Houston 0
BOTTOM OF THE 4TH
Houston 1837 BBC batting - Pitching for Thunder Bay Northern Lions BC : RHP Ramón Molina
Batting: SHB Jason Alexander 0-0: Called Strike
0-1: Foul Ball, location: 2F
0-2: Foul Ball, location: 2F
0-2: SINGLE (Line Drive, 4MD)
Batting: LHB Alberto Torres 0-0: Called Strike
0-1: Hit by Pitch
Jason Alexander to second
Pinch Runner at 1st Tracy Parker:
Batting: RHB David Gómez 0-0: Ball
1-0: Called Strike
1-1: Ball
2-1: Ball
3-1: Called Strike
3-2: Fly out, F7 (Flyball, 7S)
Batting: LHB Mike Hanson 0-0: Foul Ball, location: 2F
0-1: Ball
1-1: Ball
2-1: Foul Ball, location: 2F
2-2: Ball
3-2: Foul Ball, location: 2F
3-2: Grounds into double play, U3-6 (Groundball, 3L)
Bottom of the 4th over - 0 run(s), 1 hit(s), 0 error(s), 1 left on base; Thunder Bay 0 - Houston 0
TOP OF THE 5TH
Thunder Bay Northern Lions BC batting - Pitching for Houston 1837 BBC : RHP Greg White
Now at 1B: Tracy Parker
Batting: RHB Henry Womack 0-0: Called Strike
0-1: Ball
1-1: Called Strike
1-2: Strikes out swinging
Batting: RHB Kenzaburo Hori 0-0: Ground out 6-3 (Groundball, 6)
Batting: RHB Keith Fish 0-0: Foul Ball, location: 2F
0-1: Ball
1-1: Fly out, F7 (Line Drive, 7)
Top of the 5th over - 0 run(s), 0 hit(s), 0 error(s), 0 left on base; Thunder Bay 0 - Houston 0
BOTTOM OF THE 5TH
Houston 1837 BBC batting - Pitching for Thunder Bay Northern Lions BC : RHP Ramón Molina
Batting: RHB Rubén Marino 0-0: Ball
1-0: Hit by Pitch
Batting: LHB Damian Delaney 0-0: Ball
1-0: Called Strike
1-1: Ball
2-1: Ball
3-1: Fly out, F7 (Flyball, 7LS)
Pitching: RHP Bill Lee
Batting: RHB Kumanosuke Abe 0-0: Called Strike
0-1: Called Strike
0-2: Ball
1-2: Strikes out swinging
Batting: LHB José Marín 0-0: Fielders Choice at 2nd, 4-6 (Groundball, 4)
Bottom of the 5th over - 0 run(s), 0 hit(s), 0 error(s), 0 left on base; Thunder Bay 0 - Houston 0
TOP OF THE 6TH
Thunder Bay Northern Lions BC batting - Pitching for Houston 1837 BBC : RHP Greg White
Batting: LHB Chris Gregory 0-0: Called Strike
0-1: Foul Ball, location: 2F
0-2: Foul Ball, location: 2F
0-2: Ball
1-2: Strikes out swinging
Batting: LHB David Smith 0-0: Called Strike
0-1: Ball
1-1: Ball
2-1: Fly out, F9 (Flyball, 9S)
Batting: RHB Wilfred McLaughlin 0-0: Ball
1-0: Ball
2-0: Foul Ball, location: 2F
2-1: Ball
3-1: Swinging Strike
3-2: Strikes out swinging
Top of the 6th over - 0 run(s), 0 hit(s), 0 error(s), 0 left on base; Thunder Bay 0 - Houston 0
BOTTOM OF THE 6TH
Houston 1837 BBC batting - Pitching for Thunder Bay Northern Lions BC : RHP Bill Lee
Batting: RHB Bob Dickerson 0-0: Foul Ball, location: 2F
0-1: Called Strike
0-2: Strikes out swinging
Batting: SHB Jason Alexander 0-0: Ball
1-0: Called Strike
1-1: Called Strike
1-2: Foul Ball, location: 2F
1-2: Ball
2-2: Foul Ball, location: 2F
2-2: Ball
3-2: Ground out 3-1 (Groundball, 34)
Batting: RHB Tracy Parker 0-0: Ball
1-0: Foul Ball, location: 2F
1-1: DOUBLE (Line Drive, 89M)
Batting: RHB David Gómez 0-0: Foul Ball, location: 2F
0-1: Swinging Strike
0-2: Ball
1-2: Strikes out swinging
Bottom of the 6th over - 0 run(s), 1 hit(s), 0 error(s), 1 left on base; Thunder Bay 0 - Houston 0
TOP OF THE 7TH
Thunder Bay Northern Lions BC batting - Pitching for Houston 1837 BBC : RHP Greg White
Batting: RHB Carlos Padilla 0-0: Fly out, F9 (Flyball, 9S)
Batting: LHB John Brewer 0-0: Called Strike
0-1: Ground out 4-3 (Groundball, 34)
Batting: SHB Arnold Griffith 0-0: Ball
1-0: Ball
2-0: Foul Ball, location: 2F
2-1: Ground out 6-3 (Groundball, 6)
Top of the 7th over - 0 run(s), 0 hit(s), 0 error(s), 0 left on base; Thunder Bay 0 - Houston 0
BOTTOM OF THE 7TH
Houston 1837 BBC batting - Pitching for Thunder Bay Northern Lions BC : RHP Bill Lee
Batting: LHB Mike Hanson 0-0: Swinging Strike
0-1: Foul Ball, location: 2F
0-2: Ball
1-2: Fly out, F5 (Line Drive, 56)
Pinch Hitting: LHB Mark McClear 0-0: Ball
1-0: Called Strike
1-1: Ball
2-1: Called Strike
2-2: Ground out 4-3 (Groundball, 4)
Pitching: LHP Norberto Quintana
Pinch Hitting: RHB Casey Cavell 0-0: Ground out 5-3 (Groundball, 5)
Bottom of the 7th over - 0 run(s), 0 hit(s), 0 error(s), 0 left on base; Thunder Bay 0 - Houston 0
TOP OF THE 8TH
Thunder Bay Northern Lions BC batting - Pitching for Houston 1837 BBC : RHP Greg White
Now at 3B: Mark McClear
Now in RF: Casey Cavell
Pinch Hitting: LHB Cole Thrash 0-0: Ball
1-0: Ball
2-0: Foul Ball, location: 2F
2-1: Foul Ball, location: 2F
2-2: Ball
3-2: Fly out, F9 (Flyball, 9S)
Pitching: RHP Tyler Rodríguez
Batting: RHB Kenzaburo Hori 0-0: Called Strike
0-1: Ball
1-1: Ball
2-1: Foul Ball, location: 2F
2-2: Ball
3-2: Base on Balls
Batting: RHB Keith Fish 0-0: Foul Ball, location: 2F
0-1: Ball
1-1: Fly out, F8 (Flyball, 8LM)
Batting: LHB Chris Gregory 0-0: Ground out 4-3 (Groundball, 4S)
Top of the 8th over - 0 run(s), 0 hit(s), 0 error(s), 1 left on base; Thunder Bay 0 - Houston 0
BOTTOM OF THE 8TH
Houston 1837 BBC batting - Pitching for Thunder Bay Northern Lions BC : LHP Norberto Quintana
Now in RF: Cole Thrash
Batting: RHB Kumanosuke Abe 0-0: Foul Ball, location: 2F
0-1: Foul Ball, location: 2F
0-2: Ground out 4-3 (Groundball, 4)
Batting: LHB José Marín 0-0: Foul Ball, location: 2F
0-1: SINGLE (Flyball, 5D)
Batting: RHB Bob Dickerson 0-0: Called Strike
0-1: Ball
1-1: Ground out 6-3 (Groundball, 56D)
José Marín to second
Batting: SHB Jason Alexander 0-0: Foul Ball, location: 2F
0-1: Called Strike
0-2: Ball
1-2: Ball
2-2: Ball
3-2: Base on Balls
Batting: RHB Tracy Parker 0-0: Ball
1-0: Ball
2-0: Foul Ball, location: 2F
2-1: Foul Ball, location: 2F
2-2: Strikes out swinging
Bottom of the 8th over - 0 run(s), 1 hit(s), 0 error(s), 2 left on base; Thunder Bay 0 - Houston 0
TOP OF THE 9TH
Thunder Bay Northern Lions BC batting - Pitching for Houston 1837 BBC : RHP Tyler Rodríguez
Pitching: RHP Francisco Valdés
Batting: LHB David Smith 0-0: Foul Ball, location: 2F
0-1: Foul Ball, location: 2F
0-2: Ball
1-2: Ball
2-2: Ball
3-2: Ground out 2-3 (Groundball, 15S)
Batting: RHB Wilfred McLaughlin 0-0: Ball
1-0: Ball
2-0: Called Strike
2-1: Ball
3-1: Ground out 5-3 (Groundball, 56)
Batting: RHB Carlos Padilla 0-0: Ball
1-0: Called Strike
1-1: Ball
2-1: Called Strike
2-2: Strikes out swinging
Top of the 9th over - 0 run(s), 0 hit(s), 0 error(s), 0 left on base; Thunder Bay 0 - Houston 0
BOTTOM OF THE 9TH
Houston 1837 BBC batting - Pitching for Thunder Bay Northern Lions BC : LHP Norberto Quintana
Pitching: RHP Júlio Palma
Batting: RHB David Gómez 0-0: Called Strike
0-1: Ball
1-1: Called Strike
1-2: Ball
2-2: Fly out, F7 (Flyball, 7LMF)
Batting: LHB Mike Hanson 0-0: Ball
1-0: Called Strike
1-1: Swinging Strike
1-2: Fly out, F6 (Popup, 6D)
Batting: LHB Mark McClear 0-0: Ball
1-0: Fly out, F9 (Flyball, 9)
Bottom of the 9th over - 0 run(s), 0 hit(s), 0 error(s), 0 left on base; Thunder Bay 0 - Houston 0
TOP OF THE 10TH
Thunder Bay Northern Lions BC batting - Pitching for Houston 1837 BBC : RHP Francisco Valdés
Batting: LHB John Brewer 0-0: Called Strike
0-1: Swinging Strike
0-2: Ball
1-2: Foul Ball, location: 2F
1-2: Foul Ball, location: 2F
1-2: Ball
2-2: Strikes out swinging
Batting: SHB Arnold Griffith 0-0: Called Strike
0-1: Ball
1-1: Ground out 4-3 (Groundball, 4MD)
Batting: LHB Cole Thrash 0-0: Foul Ball, location: 2F
0-1: SINGLE (Groundball, 4MD)
Batting: RHB Kenzaburo Hori 0-0: Called Strike
0-1: Hit by Pitch
Cole Thrash to second
Batting: RHB Keith Fish 0-0: Ball
1-0: Swinging Strike
1-1: Foul Ball, location: 2F
1-2: Foul Ball, location: 2F
1-2: Strikes out swinging
Top of the 10th over - 0 run(s), 1 hit(s), 0 error(s), 2 left on base; Thunder Bay 0 - Houston 0
BOTTOM OF THE 10TH
Houston 1837 BBC batting - Pitching for Thunder Bay Northern Lions BC : RHP Júlio Palma
Batting: RHB Casey Cavell 0-0: Foul Ball, location: 2F
0-1: Foul Ball, location: 2F
0-2: Ball
1-2: Ground out 4-3 (Groundball, 4)
Batting: RHB Kumanosuke Abe 0-0: Fly out, F9 (Flyball, 9LM)
Batting: LHB José Marín 0-0: Foul Ball, location: 2F
0-1: Foul Ball, location: 2F
0-2: Foul Ball, location: 2F
0-2: Ball
1-2: Foul Ball, location: 2F
1-2: Foul Ball, location: 2F
1-2: Ground out 4-3 (Groundball, 34)
Bottom of the 10th over - 0 run(s), 0 hit(s), 0 error(s), 0 left on base; Thunder Bay 0 - Houston 0
TOP OF THE 11TH
Thunder Bay Northern Lions BC batting - Pitching for Houston 1837 BBC : RHP Francisco Valdés
Pitching: LHP Phil Miles
Pinch Hitting: RHB Fred Meyer 0-0: Called Strike
0-1: Ball
1-1: Ball
2-1: Foul Ball, location: 2F
2-2: Foul Ball, location: 2F
2-2: Ball
3-2: Foul Ball, location: 2F
3-2: Base on Balls
Batting: LHB David Smith 0-0: Swinging Strike
0-1: Foul Ball, location: 2F
0-2: Strikes out swinging
Batting: RHB Wilfred McLaughlin 0-0: Ball
1-0: Ball
2-0: Called Strike
2-1: Ball
3-1: Swinging Strike
3-2: SINGLE (Line Drive, 9LS)
Fred Meyer to second
Batting: RHB Carlos Padilla 0-0: Called Strike
0-1: Ball
1-1: Fly out, F7 (Line Drive, 7D)
Pinch Hitting: RHB Sean MacKnight 0-0: Ball
1-0: Ball
2-0: Swinging Strike
2-1: Foul Ball, location: 2F
2-2: Ball
3-2: Foul Ball, location: 2F
3-2: 3-RUN HOME RUN (Flyball, 7D), Distance : 401 ft
Pitching: RHP Jorge Rosales
Batting: SHB Arnold Griffith 0-0: SINGLE (Groundball, 4MS) (infield hit)
Batting: LHB Cole Thrash 0-0: Ball
1-0: Ball
2-0: Ball
3-0: Called Strike
3-1: Base on Balls
Arnold Griffith to second
Batting: RHB Kenzaburo Hori 0-0: Called Strike
0-1: Swinging Strike
0-2: Strikes out swinging
Top of the 11th over - 3 run(s), 3 hit(s), 0 error(s), 2 left on base; Thunder Bay 3 - Houston 0
BOTTOM OF THE 11TH
Houston 1837 BBC batting - Pitching for Thunder Bay Northern Lions BC : RHP Júlio Palma
Now at 1B: Fred Meyer
Now at 3B: Janghyun Sam
Batting: RHB Bob Dickerson 0-0: Foul Ball, location: 2F
0-1: Called Strike
0-2: Ball
1-2: Foul Ball, location: 2F
1-2: Foul Ball, location: 2F
1-2: Ball
2-2: Ball
3-2: Foul Ball, location: 2F
3-2: Strikes out swinging
Batting: SHB Jason Alexander 0-0: Foul Ball, location: 2F
0-1: Ball
1-1: Ground out U3 (Groundball, 3)
Batting: RHB Tracy Parker 0-0: Ball
1-0: Swinging Strike
1-1: Ground out 6-3 (Groundball, 6)
Bottom of the 11th over - 0 run(s), 0 hit(s), 0 error(s), 0 left on base; Thunder Bay 3 - Houston 0
Monday, March 20th, 2017 - OOTP Baseball 17.12 Build 75